 Dungeon Crawl Stone Soup version 0.29.1-2-gbd0b4ee654 (webtiles) character file.

Game seed: 3174246315683924834

16534 Sabo the Spear-Bearer (level 12, -5/111 HPs)
             Began as a Gargoyle Berserker on Nov 13, 2022.
             Was a High Priest of Trog.
             Slain by a troll (9 damage)
             ... on level 2 of the Orcish Mines.
             The game lasted 01:32:56 (16064 turns).

Sabo the Spear-Bearer (Gargoyle Berserker)         Turns: 16064, Time: 01:32:57

Health: -5/111     AC: 47    Str: 30    XL:     12   Next: 38%
Magic:  12/12      EV: 10    Int:  9    God:    Trog [*****.]
Gold:   213        SH: 11    Dex: 15    Spells: 11/11 levels left

rFire   . . .      SeeInvis +   s - +4 trident "Esitux" {vorpal, rC- Will+++ Str+5}
rCold   x . .      Faith    .   t - +0 buckler
rNeg    + . .      Spirit   .   Q - +15 Maxwell's patent armour {-Cast -Tele rElec Will+ rCorr}
rPois   ∞          Reflect  +   b - +2 helmet
rElec   +          Harm     .   P - +0 cloak {rCorr}
rCorr   +          Rampage  .   E - +2 pair of gloves
Will    ++++.      NoTele   +   J - +0 pair of boots
Stlth   .......... NoCast   +   k - amulet of reflection
HPRegen 0.28/turn               o - +6 ring of dexterity
MPRegen 0.13/turn               a - ring of see invisible

@: berserking (expiring), very quick
A: sickness immunity, AC +8, negative energy resistance 1, electricity
resistance, torment resistance 1, petrification resistance
a: Renounce Religion, Berserk, Trog's Hand, Brothers in Arms


You were on level 2 of the Orcish Mines.
You worshipped Trog.
Trog was extremely pleased with you.
You visited 2 branches of the dungeon, and saw 12 of its levels.
You visited 1 bazaar.
You also visited: Ossuary and Bailey.

You collected 1672 gold pieces.
You spent 1459 gold pieces at shops.

Inventory:

Hand Weapons
 q - a +5 morningstar
 s - the +4 trident "Esitux" (weapon) {vorpal, rC- Will+++ Str+5}
   (You found it on level 3 of the Dungeon)

   It inflicts extra damage upon your enemies.
   Str:       It affects your strength (+5).
   rC:        It makes you vulnerable to cold.
   Will:      It greatly increases your willpower.
 F - the +4 executioner's axe of Truncation {vorpal, rPois Will+}
   (You took it off an orc in a bailey)

   It inflicts extra damage upon your enemies.
   rPois:     It protects you from poison.
   Will:      It increases your willpower.
 H - a +4 short sword of freezing
 M - a +4 scimitar
 T - a +0 arbalest
Missiles
 g - a throwing net
 i - 42 poisoned darts (quivered)
 v - 5 boomerangs
 z - 38 javelins
 C - a curare-tipped dart
Armour
 b - a +2 helmet (worn)
 t - a +0 buckler (worn)
 B - the +5 ring mail "Ness" {Fly}
   (You bought it in a shop on level 7 of the Dungeon)

   Fly:       It grants you flight.
 E - a +2 pair of gloves (worn)
 G - a +3 scale mail of fire resistance
 J - a +0 pair of boots (worn)
 P - a +0 cloak of preservation (worn)
 Q - the +15 Maxwell's patent armour (worn) {-Cast -Tele rElec Will+ rCorr}
   (You acquired it in a bazaar)

   rElec:     It insulates you from electricity.
   -Cast:     It prevents spellcasting.
   -Tele:     It prevents most forms of teleportation.
   rCorr:     It protects you from acid and corrosion.
   Will:      It increases your willpower.
 U - a +4 chain mail of cold resistance
Jewellery
 a - a ring of see invisible (right hand)
 k - an amulet of reflection (around neck)
 o - a +6 ring of dexterity (left hand)
Wands
 n - a wand of charming (7)
 p - a wand of iceblast (2)
 w - a wand of acid (9)
 y - a wand of polymorph (3)
Scrolls
 l - 2 scrolls of teleportation
 A - 2 scrolls of poison
 D - a scroll of silence
 L - a scroll of butterflies
 V - a scroll of identify
Potions
 c - 3 potions of heal wounds
 d - 2 potions of resistance
 e - 4 potions of flight
 m - 7 potions of curing
 x - a potion of ambrosia {unknown}
 I - a potion of degeneration {unknown}
 O - a potion of cancellation {unknown}


   Skills:
 + Level 8.2 Fighting
 + Level 3.3(8.3) Axes
 + Level 3.6(4.3) Maces & Flails
 + Level 11.3(11.5) Polearms
 + Level 2.4 Throwing
 + Level 8.4 Armour
 + Level 5.1 Dodging
 + Level 3.2 Stealth
 + Level 9.5 Shields


You had 11 spell levels left.
You didn't know any spells.
Your spell library was empty.

Dungeon Overview and Level Annotations

Branches:
Dungeon (10/15)            Temple (0/1) D:7             Orc (2/2) D:10
    Elf (0/3) Orc:2       Ossuary (visited)          Bailey (visited)
   Lair: D:8-11

Altars:
Ashenzari
Fedhas
Gozag
Kikubaaqudgha
Makhleb
Okawaru
Uskayaw
Yredelemnul
Zin
The Shining One

Shops:
D:4 :   D:7 *   D:8 *   Orc:1 ?


Innate Abilities, Weirdness & Mutations

You are immune to sickness and miasma.
Your stone body is resilient. (AC +8)
You are immune to poison.
You resist negative energy. (rN+)
You are resistant to electric shocks. (rElec)
You are resistant to unholy torment.
You are immune to petrification.


Message History

The two-headed ogre is heavily wounded.
The cyclops throws a large rock.
The large rock barely misses the ogre mage.
You reflect the large rock off an invisible shield around you!
The large rock barely misses the ogre mage.
The large rock hits the cyclops!!
You block the two-headed ogre's attack. x2
You hear a shout! x2
You impale the two-headed ogre!!
The two-headed ogre is almost dead.
You completely miss the two-headed ogre.
The two-headed ogre is almost dead.
You block the ogre mage's attack. You block the troll's attack.
The troll claws you but does no damage. You block the troll's attack.
You barely miss the two-headed ogre.
The two-headed ogre is almost dead.
You block the two-headed ogre's attack. x2
You impale the two-headed ogre!!
You kill the two-headed ogre!
Trog accepts your kill.
You block the troll's attack. x2; The troll claws you.
* * * LOW HITPOINT WARNING * * *
You impale the two-headed ogre!!
The two-headed ogre is heavily wounded.
The ogre mage hits you but does no damage.
You puncture the two-headed ogre!
The two-headed ogre is almost dead.
A deep troll comes into view.
You block the troll's attack. x2; The troll claws you but does no damage.
The two-headed ogre closely misses you.
The two-headed ogre hits you with a +0 giant club!
* * * LOW HITPOINT WARNING * * *
You are too berserk!
You puncture the two-headed ogre!
The two-headed ogre is almost dead.
You puncture the two-headed ogre!
You kill the two-headed ogre!
Trog accepts your kill. You block the ogre mage's attack.
You block the troll's attack. The troll claws you but does no damage.
The troll claws you!
You die...

.#,*### **,*...,*
.#**#.## **##..## #*
#..# ##..T.##
#####..#*###....$.##
##.#...#.##........#
#.......###.......####
..<............#OC...#
......#........#T)O..###
.....###.......#@#.....#
...#####......####....##
...####......## #....##
......#.......###....#
#...)...##.##.).....##
####(.....#........##
##......####......##
###.....# #......## #
####### ##.#...#


You could see an ogre mage (invisible), a deep troll, a cyclops, a troll and an
ogre.

Vanquished Creatures
  An orc warlord (Orc:1)
  4 two-headed ogres (Orc:2)
  A cyclops (Orc:2)
  Maurice (D:9)
  A hornet (D:8)
  6 trolls
  Grinder (D:4)
  A wraith (D:10)
  3 wyverns
  26 yaks
  2 steam dragons (D:7)
  A water moccasin (D:8)
  A warg (Orc:1)
  21 orc warriors
  An ice beast (D:6)
  2 sky beasts
  A black bear (D:4)
  14 ogres
  12 centaurs (Bailey)
  A phantom (D:7)
  Blork the orc (D:4)
  5 kobold brigands
  2 bullfrogs
  A scorpion (D:4)
  8 wights
  6 killer bees (D:7)
  A howler monkey (D:6)
  6 orc priests
  3 hounds
  8 orc wizards
  4 iguanas
  2 human simulacra (D:10)
  A mummy (Ossuary)
  10 adders
  A shadow imp (D:5)
  A white imp (D:5)
  An ufetubus (D:4)
  3 worms
  3 dart slugs
  68 orcs
  A spectral bat (Ossuary)
  8 ball pythons
  5 bats
  6 endoplasms
  A giant cockroach (D:3)
  6 goblins
  9 hobgoblins
  2 jackals (D:3)
  28 kobolds
  2 quokkas
  2 bat simulacra (Ossuary)
  6 frilled lizards
  12 gnoll zombies (Ossuary)
  3 goblin simulacra (Ossuary)
  2 goblin zombies (Ossuary)
  6 hobgoblin zombies (Ossuary)
  5 kobold simulacra (Ossuary)
  6 kobold zombies (Ossuary)
  4 orc zombies (Ossuary)
  7 rats
  2 rat simulacra (Ossuary)
  2 spectral goblins (Ossuary)
  3 spectral kobolds (Ossuary)
  2 spectral rats (Ossuary)
366 creatures vanquished.

Vanquished Creatures (others)
  A kobold (D:9)
1 creature vanquished.

Grand Total: 367 creatures vanquished

Notes
Turn   | Place    | Note
-------+----------+-------------------------------------------
     0 | D:1      | Sabo the Gargoyle Berserker began the quest for the Orb.
     0 | D:1      | Reached XP level 1. HP: 14/14 MP: 1/1
   204 | D:1      | Reached XP level 2. HP: 19/19 MP: 2/2
   714 | D:1      | Found a faded altar of an unknown god.
  1451 | D:1      | Reached XP level 3. HP: 24/24 MP: 3/3
  1738 | D:2      | Reached ** piety under Trog
  2108 | D:3      | Reached XP level 4. HP: 27/29 MP: 4/4
  2195 | D:3      | Found a burning altar of Makhleb.
  2198 | D:3      | Noticed a blizzard demon
  2199 | D:3      | Found a glowing silver altar of Zin.
  2200 | D:3      | Noticed an angel
  2365 | D:3      | Reached skill level 1 in Maces & Flails
  2428 | D:3      | Reached XP level 5. HP: 33/33 MP: 5/5
  2814 | D:3      | Identified the +4 trident "Esitux" {vorpal, rC- Will+++
                  | Str+5}
  3044 | D:4      | Noticed a black bear
  3048 | D:4      | Killed a black bear
  3049 | D:4      | Reached XP level 6. HP: 39/39 MP: 6/6
  3068 | D:4      | Found Rekidylo's Book Boutique.
  3263 | D:4      | Found a sand-covered staircase.
  3272 | D:4      | Reached skill level 1 in Shields
  3309 | Ossuary  | Entered an ossuary
  3354 | Ossuary  | Reached *** piety under Trog
  3469 | Ossuary  | Reached skill level 1 in Polearms
  3657 | Ossuary  | Reached skill level 1 in Stealth
  3675 | Ossuary  | Reached **** piety under Trog
  4011 | D:4      | Noticed Blork the orc
  4018 | D:4      | Killed Blork the orc
  4019 | D:4      | Reached skill level 2 in Polearms
  4019 | D:4      | Reached XP level 7. HP: 36/44 MP: 7/7
  4149 | D:4      | Noticed Grinder
  4157 | D:4      | Killed Grinder
  4158 | D:4      | Reached skill level 3 in Polearms
  4620 | D:4      | Found a broken altar of Ashenzari.
  4628 | D:4      | Found an opulent altar of Gozag.
  4691 | D:4      | Reached skill level 5 in Fighting
  5070 | D:5      | Entered Level 5 of the Dungeon
  5098 | D:5      | Reached skill level 4 in Polearms
  5098 | D:5      | Reached XP level 8. HP: 49/49 MP: 8/8
  6065 | D:6      | Found an iron altar of Okawaru.
  6150 | D:6      | Found a glowing golden altar of the Shining One.
  6250 | D:6      | Found a hide-covered altar of Uskayaw.
  6253 | D:6      | Noticed a +0 hand axe
  6254 | D:6      | Noticed a +0 dagger
  6305 | D:6      | Reached skill level 5 in Polearms
  6305 | D:6      | Reached skill level 5 in Armour
  6592 | D:6      | Found a blossoming altar of Fedhas.
  6788 | D:7      | Found Morij's General Store.
  6824 | D:7      | HP: 3/76 [hound (4)]
  7149 | D:7      | Reached XP level 9. HP: 44/55 MP: 9/9
  7198 | D:7      | Reached skill level 6 in Polearms
  7281 | D:7      | Found a flagged portal.
  7306 | Bailey   | Entered a bailey
  7464 | Bailey   | Reached ***** piety under Trog
  7708 | Bailey   | Reached skill level 5 in Shields
  8191 | Bailey   | Reached skill level 1 in Throwing
  8236 | Bailey   | Reached skill level 7 in Polearms
  8506 | Bailey   | Identified the +4 executioner's axe of Truncation {vorpal,
                  | rPois Will+}
  8678 | Bailey   | Reached XP level 10. HP: 54/60 MP: 10/10
  9311 | D:7      | Bought the +5 ring mail "Ness" {Fly} for 457 gold pieces
  9345 | D:7      | Found a staircase to the Ecumenical Temple.
 10505 | D:8      | Reached skill level 8 in Polearms
 10924 | D:8      | Found Buwneala's Serpentskin Sales.
 11912 | D:9      | Noticed Maurice
 11935 | D:9      | Received a gift from Trog
 11936 | D:9      | Reached XP level 11. HP: 66/66 MP: 11/11
 11947 | D:9      | Reached skill level 9 in Polearms
 12045 | D:9      | Killed Maurice
 12249 | D:9      | Reached skill level 10 in Polearms
 12847 | D:9      | Found an ancient bone altar of Kikubaaqudgha.
 13047 | D:10     | Entered Level 10 of the Dungeon
 13367 | D:10     | Found a basalt altar of Yredelemnul.
 13516 | D:10     | Found a staircase to the Orcish Mines.
 14076 | Orc:1    | Entered Level 1 of the Orcish Mines
 14228 | Orc:1    | Noticed an orc warlord
 14459 | Orc:1    | Killed an orc warlord
 14836 | Orc:1    | Reached XP level 12. HP: 73/73 MP: 12/12
 14963 | Orc:1    | Found Ywaliuf's Magic Scroll Emporium.
 15012 | Orc:1    | Bought a scroll of identify for 28 gold pieces
 15012 | Orc:1    | Bought a scroll of identify for 28 gold pieces
 15012 | Orc:1    | Bought a scroll of identify for 28 gold pieces
 15280 | Orc:2    | Entered Level 2 of the Orcish Mines
 15385 | Orc:2    | Found a staircase to the Elven Halls.
 15435 | Orc:2    | Noticed a two-headed ogre
 15446 | Orc:2    | Killed a two-headed ogre
 15484 | Orc:2    | Found a flickering gateway to a bazaar.
 15492 | Bazaar   | Entered a bazaar
 15492 | Bazaar   | Found Vufrixu's General Store.
 15492 | Bazaar   | Found Vucastrok's Magic Scroll Shoppe.
 15492 | Bazaar   | Found Niynnus's Book Shop.
 15494 | Bazaar   | Found Ricwej's Assorted Antiques.
 15717 | Bazaar   | Bought a scroll of acquirement for 780 gold pieces
 15722 | Bazaar   | Acquired the +15 Maxwell's patent armour {-Cast -Tele rElec
                  | Will+ rCorr}
 15722 | Bazaar   | Found the +15 Maxwell's patent armour {-Cast -Tele rElec
                  | Will+ rCorr}
 15747 | Bazaar   | Bought a scroll of identify for 30 gold pieces
 15753 | Bazaar   | Bought a scroll of identify for 54 gold pieces
 15753 | Bazaar   | Bought a scroll of identify for 54 gold pieces
 15822 | Orc:2    | Reached skill level 11 in Polearms
 15979 | Orc:2    | Reached skill level 5 in Dodging
 16020 | Orc:2    | Noticed a two-headed ogre
 16030 | Orc:2    | Noticed an ogre mage
 16033 | Orc:2    | Noticed a two-headed ogre
 16040 | Orc:2    | Noticed a two-headed ogre
 16055 | Orc:2    | Killed a two-headed ogre
 16060 | Orc:2    | Killed a two-headed ogre
 16062 | Orc:2    | HP: 4/111 [two-headed ogre/+0 giant club (17)]
 16064 | Orc:2    | Killed a two-headed ogre
 16064 | Orc:2    | Slain by a troll

Illustrated notes

Levels and vault maps discovered:
D:1:      roderic_dead_forest, layout_basic,
          shapermc_ecumenical_altar_mp_highgroup
D:2:      layout_rooms, minmay_statues_item
D:3:      minmay_octagon_keep, layout_basic,
          grunt_temple_overflow_order_and_chaos_2
D:4:      layout_basic, grunt_temple_overflow_open,
          nicolae_ossuary_entry_monument, serial_shops, shop,
          uniq_blork_the_orc, uniq_grinder
D:5:      layout_basic
D:6:      layout_cave_pools, okawaru_ov_weapons_minmay,
          mainiacjoe_overflow_brackets, dancing_weapons_uskayaw, fedhas_altar_1,
          nicolae_concentric_dashed_squares_wild
D:7:      layout_rooms, minmay_temple_entry_antechambers, enter_bailey_2,
          serial_shops, shop, wad_floor_pattern_untrapped
D:8:      layout_layer_cave, guppyfry_shop_venom
D:9:      layout_roguey, marbit_many_paths, minmay_misc_feat_iff, uniq_maurice
D:10:     layout_small_grid, yredelemnul_altar_generic, orc_david_3,
          dreamdust_wishing_well, bh_circular_ruins
Orc:1:    layout_caves, serial_shops, nicolae_shop_competitors_out_of_business,
          basic_altar
Orc:2:    st_orc_open, layout_diamond_mine, serial_shops, bzr_entry_road,
          basic_altar

Skill      XL: |  1  2  3  4  5  6  7  8  9 10 11 12 |
---------------+-------------------------------------+-----
Axes           | 3 |  3.3
Fighting       | 4 5 6 7 8 |  8.2
Maces & Flails | 1 2 3 |  3.6
Armour         | 3 5 6 7 8 |  8.4
Dodging        | 2 3 4 5 |  5.1
Shields        | 1 2 3 5 7 8 9 |  9.5
Polearms       | 2 4 5 7 8 10 11 | 11.3
Stealth        | 1 2 3 |  3.2
Throwing       | 1 2 |  2.4

Action                   |  1- 3 |  4- 6 |  7- 9 | 10-12 || total
-------------------------+-------+-------+-------+-------++-------
Melee: Hand axe          |    43 |       |       |       ||    43
       Mace              |    53 |    66 |       |       ||   119
       Punch             |     1 |       |       |       ||     1
       Trident           |       |   134 |   276 |   652 ||  1062
Throw: Dart              |       |       |    15 |    11 ||    26
Invok: Berserk           |       |       |     5 |     5 ||    10
  Use: Scroll            |     2 |     3 |     8 |    15 ||    28
       Potion            |       |       |     1 |     7 ||     8
Armor: Animal skin       |    21 |       |       |       ||    21
       Ring mail         |    42 |    13 |       |   267 ||   322
       Chain mail        |       |   103 |   147 |    14 ||   264
       Plate armour      |       |       |       |    28 ||    28
Dodge: Dodged            |    71 |    85 |   129 |   319 ||   604
Block: Other             |       |    19 |       |       ||    19
       Buckler           |       |    57 |   175 |   394 ||   626
       Reflection        |       |     4 |     2 |     5 ||    11
